 Dungeon Crawl Stone Soup version 0.29-a0-982-gaed3a0c8d8 (webtiles) character file.

Game seed: 7289088598857840706

515 IdlyInterested the Chopper (level 7, -3/52 HPs)
             Began as a Demonspawn Fighter on Aug 1, 2022.
             Succumbed to a scorpion's poison
             ... on level 4 of the Dungeon.
             The game lasted 00:11:50 (4610 turns).

IdlyInterested the Chopper (Demonspawn Fighter)     Turns: 4610, Time: 00:11:51

Health: -3/52      AC:  8    Str: 16    XL:     7   Next: 0%
Magic:  7/7        EV: 10    Int: 10    God:
Gold:   155        SH:  8    Dex: 14    Spells: 6/6 levels left

rFire   . . .      SeeInvis .   a - +1 war axe
rCold   + . .      Faith    .   n - +0 kite shield
rNeg    . . .      Spirit   .   b - +1 ring mail {rC+}
rPois   .          Reflect  .   (helmet restricted)
rElec   .          Harm     .   e - +0 cloak
rCorr   .          Rampage  .   m - +0 pair of gloves
Will    .....                   (no boots)
Stlth   +.........              (no amulet)
HPRegen 0.17/turn               (no ring)
MPRegen 0.10/turn               (no ring)

@: lethally poisoned (-3 -> -23)
A: antennae 1, demonic guardian 1, ignite blood 1, sturdy frame 1
a: no special abilities


You were on level 4 of the Dungeon.
You visited 1 branch of the dungeon, and saw 4 of its levels.

You collected 155 gold pieces.

Inventory:

Hand Weapons
 a - a +1 war axe (weapon)
 f - a +0 spear
 l - a +0 flail
 p - a +0 war axe
Missiles
 h - 3 boomerangs (quivered)
Armour
 b - a +1 ring mail of cold resistance (worn)
 c - a +0 buckler
 e - a +0 cloak (worn)
 k - a +0 scale mail of fire resistance
 m - a +0 pair of gloves (worn)
 n - a +0 kite shield (worn)
 o - a +1 chain mail
Jewellery
 q - a ring of fire
Scrolls
 d - a scroll of amnesia
 i - 2 scrolls of identify
Potions
 g - a potion of brilliance


   Skills:
 - Level 3.0 Fighting
 * Level 5.7 Axes
 - Level 2.6 Armour
 + Level 1.9 Dodging
 + Level 3.0 Shields
 - Level 3.0 Evocations


You had 6 spell levels left.
You didn't know any spells.
Your spell library contained the following spells:

 Spells                   Type           Power      Damage    Failure   Level
 Beastly Appendage        Tmut           0%         N/A       85%         1
 Sandblast                Erth           0%         2d4       85%         1
 Passwall                 Tmut/Erth      0%         N/A       94%         2
 Wereblood                Tmut           0%         N/A       94%         2
 Inner Flame              Hex/Fire       0%         N/A       99%         3
 Ozocubu's Armour         Ice            0%         N/A       99%         3
 Spider Form              Tmut/Pois      0%         N/A       99%         3
 Stone Arrow              Conj/Erth      0%         3d7       99%         3
 Cause Fear               Hex            0%         N/A       100%        4
 Metabolic Englaciation   Hex/Ice        0%         N/A       100%        5
 Simulacrum               Ice/Necr       0%         N/A       100%        6
 Discord                  Hex            0%         N/A       100%        8


Dungeon Overview and Level Annotations

Branches:
Dungeon (4/15)
 Temple: D:4-7

Altars:
Xom

Shops:
D:4 **


Innate Abilities, Weirdness & Mutations

You have a pair of small antennae on your head.
A weak demonic guardian rushes to your aid.
Your demonic aura sometimes causes spilled blood to erupt in flames.
Your movements are slightly less encumbered by armour. (ER -2)


Message History

The gnoll barely misses you. You block the scorpion's attack.
The gnoll barely misses you.
Things that are here:
a +0 club; a gnoll corpse The gnoll attacks as you move away!
The gnoll hits you with a +0 club.
* * * LOW HITPOINT WARNING * * *
The scorpion stings you.
* * * LOW HITPOINT WARNING * * *
A demonic guardian appears!
You block the scorpion's attack. The gnoll attacks as you move away!
You block the gnoll's attack.
You hit the gnoll.
The gnoll is severely wounded.
You barely miss the scorpion. The gnoll hits you but does no damage.
The scorpion stings you.
* * * LOW HITPOINT WARNING * * *
You are lethally poisoned!
The scorpion poisons you!
Your white imp hits the gnoll.
Your white imp freezes the gnoll.
The gnoll hits your white imp with a +0 whip.
You block the gnoll's attack.
You hit the scorpion.
The scorpion is heavily wounded.
You hit the gnoll.
You kill the gnoll!
* * * LOW HITPOINT WARNING * * *
You feel very sick. The scorpion closely misses you.
Your white imp hits the gnoll but does no damage.
The gnoll hits your white imp with a +0 whip.
The scorpion stings you.
* * * LOW HITPOINT WARNING * * *
A demonic guardian appears!
You are more poisoned.
The scorpion poisons you!
Your Shields skill increases to level 3!
You have reached level 7!
Okay, then.
You hit the scorpion.
The scorpion is heavily wounded.
You die...

.##..###.......####...##
.......).......#.......#
###.....†......#.##.##.#
#..###.......#.##.##.#
###†.# #.......#.##..#.#
.....# #.......#.###.#.#
###.## #########5###.#.#
#.# ######.......# ...
####...g)@....### .#.##
#....).5s###### .#..
#..#.#...# #.### .
#...#..# ..### ...∩....#
#... #.#...#..# #.#
#..#.#...# ..#### #....
..## .....# ##### ###


You could see a scorpion (ally target), a gnoll (distracted, ally target), a
friendly white imp (summoned) and a friendly ufetubus (summoned).

Vanquished Creatures
  Sigmund (D:2)
  A scorpion (D:4)
  A hound (D:4)
  Crazy Yiuf (D:2)
  An orc wizard (D:4)
  An iguana (D:3)
  Robin (D:4)
  3 gnolls (D:4)
  3 adders
  6 dart slugs
  9 orcs
  A bat (D:1)
  5 endoplasms
  3 giant cockroaches
  8 hobgoblins
  2 kobolds
  4 quokkas
  4 ball pythons
  3 frilled lizards
  12 goblins
  5 rats
75 creatures vanquished.

Vanquished Creatures (collateral kills)
  Terence (D:2)
  A gnoll (D:1)
2 creatures vanquished.

Grand Total: 77 creatures vanquished

Notes
Turn   | Place    | Note
-------+----------+-------------------------------------------
     0 | D:1      | IdlyInterested the Demonspawn Fighter began the quest for
                  | the Orb.
     0 | D:1      | Reached XP level 1. HP: 18/18 MP: 1/1
   170 | D:1      | Reached skill level 2 in Axes
   375 | D:1      | Gained mutation: A weak demonic guardian rushes to your
                  | aid. [demonic ancestry]
   375 | D:1      | Reached XP level 2. HP: 21/24 MP: 2/2
   894 | D:1      | Reached skill level 1 in Evocations
  1524 | D:2      | Found a faded altar of an unknown god.
  1694 | D:2      | Noticed Terence
  1700 | D:2      | Killed Terence
  1701 | D:2      | Reached skill level 3 in Axes
  1701 | D:2      | Reached XP level 3. HP: 27/29 MP: 3/3
  2251 | D:2      | Found a runed translucent door.
  2252 | D:2      | Noticed Crazy Yiuf
  2294 | D:2      | Gained mutation: You have a pair of small antennae on your
                  | head. [demonic ancestry]
  2294 | D:2      | Reached XP level 4. HP: 26/35 MP: 4/4
  2460 | D:2      | Noticed Sigmund
  2489 | D:2      | Killed Sigmund
  2490 | D:2      | Reached skill level 4 in Axes
  2490 | D:2      | Gained mutation: Your demonic aura sometimes causes spilled
                  | blood to erupt in flames. [demonic ancestry]
  2490 | D:2      | Reached XP level 5. HP: 41/41 MP: 5/5
  2869 | D:2      | Killed Crazy Yiuf
  3226 | D:3      | Gained mutation: Your movements are slightly less
                  | encumbered by armour. (ER -2) [demonic ancestry]
  3226 | D:3      | Reached XP level 6. HP: 47/47 MP: 6/6
  3333 | D:3      | Reached skill level 5 in Axes
  3790 | D:4      | Reached skill level 1 in Dodging
  3877 | D:4      | Found a shimmering altar of Xom.
  4029 | D:4      | Noticed Robin
  4046 | D:4      | Killed Robin
  4265 | D:4      | Found Bucadeom's Assorted Antiques.
  4591 | D:4      | Found Loin's Overcharged Wands.
  4610 | D:4      | Reached XP level 7. HP: 3/52 MP: 7/7
  4610 | D:4      | Succumbed to a scorpion's poison

Illustrated notes

Levels and vault maps discovered:
D:1:      ncdulo_smallfort, layout_loops_corners, minmay_tetromino_i2
D:2:      layout_basic, hellmonk_ecumenical_altar_zigzags, uniq_sigmund,
          uniq_crazy_yiuf_cottage, uniq_terence
D:3:      layout_basic
D:4:      layout_loops_cross, mainiacjoe_overflow_catwalk,
          nicolae_take_the_stairs, nicolae_shop_overcharged_wands, uniq_robin

Skill      XL: |  1  2  3  4  5  6 |
---------------+-------------------+-----
Axes           | 2 3 4 5 |  5.7
Evocations     | 1 3 |  3.0
Dodging        | 1 |  1.9
Shields        | 3 |  3.0
Fighting       | |  3.0
Armour         | |  2.6

Action                   |  1- 3 |  4- 6 |  7- 9 || total
-------------------------+-------+-------+-------++-------
Melee: War axe           |    85 |   133 |     1 ||   219
Throw: Boomerang         |       |     2 |       ||     2
  Use: Scroll            |     5 |     3 |       ||     8
       Potion            |       |     6 |       ||     6
 Stab: Sleeping          |       |     2 |       ||     2
Armor: Scale mail        |    20 |       |       ||    20
       Chain mail        |     4 |       |       ||     4
       Ring mail         |    20 |    63 |       ||    83
Dodge: Dodged            |    36 |    92 |       ||   128
Block: Buckler           |    23 |    16 |       ||    39
       Kite shield       |       |    23 |       ||    23

Table legend: (Time is in decaauts)
 A = Elapsed time spent in this place.
 B = Non-inter-level travel time spent in this place.
 C = Inter-level travel time spent in this place.
 D = Time resting spent in this place.
 E = Time spent auto-exploring this place.
 F = Levels seen in this place.
 G = Mean time per level.
                   A        B        C        D        E       F      G
               +--------+--------+--------+--------+--------+-----+--------+
         Total |   4672 |   4279 |    393 |    782 |   2629 |   4 | 1168.0 |
       Dungeon |   4672 |   4279 |    393 |    782 |   2629 |   4 | 1168.0 |
               +--------+--------+--------+--------+--------+-----+--------+

Top non-repeatable levels by time:
     D:2: 1768 daAuts
     D:1: 1540 daAuts
     D:4: 808 daAuts
     D:3: 554 daAuts
